 Dungeon Crawl Stone Soup version 0.16-a0-3641-g71d4c1b (webtiles) character file.

112 Reynoldscorey the Charlatan (level 4, -12/38 HPs)
             Began as a Deep Dwarf Artificer on Feb 9, 2015.
             Killed themself with a badly aimed fireball (13 damage)
             ... on level 3 of the Dungeon.
             The game lasted 00:07:29 (2276 turns).

Reynoldscorey the Charlatan (Deep Dwarf Artificer)  Turns: 2276, Time: 00:07:29

Health: -12/38     AC:  3    Str: 15    XL:     4   Next: 63%
Magic:  7/7        EV: 12    Int: 12    God:
Gold:   171        SH:  0    Dex: 14    Spells: 0 memorised, 3 levels left

rFire  . . .     SeeInvis .     a - +0 short sword
rCold  . . .     Clarity  .     e - +0 leather armour
rNeg   . . .     SustAb   .     (no shield)
rPois  .         Gourm    .     (no helmet)
rElec  .         Spirit   .     (no cloak)
rCorr  .         Warding  .     (no gloves)
rMut   .         Stasis   .     (no boots)
MR     .....                    (no amulet)
Stlth  ++........               (no ring)
                                i - ring of flight

@: non-regenerating, not resistant to hostile enchantments, unstealthy
A: damage resistance, recharge devices, sense surroundings 1, slow healing 3
a: Device Recharging, Evoke Flight


You were on level 3 of the Dungeon.
You were not hungry.

You visited 1 branch of the dungeon, and saw 3 of its levels.

You collected 171 gold pieces.

Inventory:

Hand weapons
 a - a +0 short sword (weapon)
Missiles
 n - 7 silver tomahawks (quivered)
Armour
 e - a +0 leather armour (worn)
Jewellery
 i - a ring of flight (left hand)
Magical devices
 b - a wand of flame (0)
 c - a wand of enslavement (8)
 d - a wand of random effects (15)
 f - a wand of heal wounds (0)
Scrolls
 j - a scroll of random uselessness {unknown}
 k - a scroll of recharging {unknown}
 o - 4 scrolls of identify {unknown}
 p - a scroll of magic mapping {unknown}
 s - a scroll of teleportation {unknown}
 v - a scroll of amnesia {unknown}
 w - a scroll of remove curse {unknown}
Potions
 h - a potion of restore abilities {unknown}
 l - 3 potions of curing {unknown}
 q - 2 potions of cancellation {unknown}
 r - a potion of invisibility {unknown}
 t - 2 potions of poison {unknown}
 u - a potion of brilliance {unknown}
 x - a potion of agility {unknown}
Comestibles
 g - 3 bread rations
 m - 4 meat rations


   Skills:
 - Level 1.3 Fighting
 - Level 0.8 Short Blades
 - Level 2.3 Dodging
 * Level 4.3 Stealth
 * Level 5.6 Evocations


You had 3 spell levels left.
You didn't know any spells.

Dungeon Overview and Level Annotations

Branches:
Dungeon (3/15)

Altars:


Innate Abilities, Weirdness & Mutations

You are resistant to damage.
You can recharge devices by infusing magical energy.
You passively map a small area around you.
You do not heal naturally.


Message History

Your orc priest hits the kobold with a morningstar!
The kobold dies!
Found a scroll labeled YHEESTRUNAD.
You open the door.
The orc priest is no longer charmed.
There is an open door here.
Evoke which item? (* to show all) (? for menu, Esc to quit)
Zapping:
c - a wand of enslavement (8)
Press: ? - help, Shift-Dir - straight line, f/p - orc priest
Aim: an orc priest, wielding a morningstar and wearing a scale mail (almost dead, chance 59%)
Okay, then.
Unknown command.
Evoke which item? (* to show all) (? for menu, Esc to quit)
Zapping:
d - a wand of random effects (15)
Press: ? - help, Shift-Dir - straight line, f/p - orc priest
Aim: an orc priest, wielding a morningstar and wearing a scale mail (almost dead)
The fireball explodes!
The fireball engulfs the orc priest.
The orc priest is almost dead.
The fireball engulfs you!
You die...

######.........
#.............##
#............##*
#............# * *
#........†...# *
#............# *
#............# *
####............#
*
#.@o..............
#.##.........!..##
#. #............#
#. #............*
* * *
#.....?........ **
###.########.. ,
.. # * * ###


You could see an orc priest.

Vanquished Creatures
  4 adders (D:2)
  2 worms (D:2)
  A giant gecko (D:1)
  An ooze (D:1)
  An orc (D:3)
  A ball python (D:1)
  7 goblins
  7 hobgoblins
  7 kobolds
  3 quokkas (D:2)
  3 bats
  A giant cockroach (D:2)
  2 giant newts (D:2)
  5 rats
45 creatures vanquished.

Vanquished Creatures (collateral kills)
  An orc wizard (D:3)
  An orc (D:3)
  A goblin (D:3)
  A kobold (D:3)
4 creatures vanquished.

Vanquished Creatures (others)
  2 orcs (D:3)
  2 jackals (D:2)
4 creatures vanquished.

Grand Total: 53 creatures vanquished

Notes
Turn   | Place    | Note
--------------------------------------------------------------
     0 | D:1      | Reynoldscorey, the Deep Dwarf Artificer, began the quest for the Orb.
     0 | D:1      | Reached XP level 1. HP: 16/16 MP: 1/1
   395 | D:1      | Reached XP level 2. HP: 13/24 MP: 3/3
  1103 | D:2      | Reached skill level 5 in Evocations
  1103 | D:2      | Reached XP level 3. HP: 13/30 MP: 5/5
  1526 | D:2      | Reached skill level 1 in Fighting
  1660 | D:2      | Reached XP level 4. HP: 15/38 MP: 7/7
  2249 | D:3      | HP: 1/38 [orc priest/morningstar (8)]
  2276 | D:3      | Killed themself with a badly aimed fireball

Action                   |  1- 3 |  4- 6 || total
-------------------------+-------+-------++-------
Melee: Short sword       |   131 |    41 ||   172
Throw: Tomahawk          |     3 |     4 ||     7
Evoke: Wand              |    14 |    13 ||    27
 Stab: Sleeping          |     1 |     1 ||     2
  Eat: Chunk             |     2 |     2 ||     4
